AoeStats
← MikaelHei

Glade

510516346Analyzed
1v1 RM · 2d ago on Oct 1, 2026· 16m 48s· 2 players
Game mode
Random Map
Map size
Tiny (2 player)
Population
200
Speed
Normal
Resources
Standard
Victory
Conquest
Starting age
Dark Age
Ending age
Imperial Age
RankedLock teamsTeams togetherTeam positionsShared explorationLock speedFull tech treeHidden civsTurbo modeCheats
Victory
Defeat
🇨🇭 Dravidians · Switzerland
1352
+16
🇫🇮 Malay · Finland
1355
-16
NinjaPenguin
6:11 Loom
9:13 Feudal Age
9:23 Man-at-Arms
10:45 Double-Bit Axe
15:15 Fletching
MikaelHei
5:03 Loom
10:14 Feudal Age
10:30 Man-at-Arms
11:08 Horse Collar
11:25 Double-Bit Axe
15:22 Fletching
17:12 Padded Archer Armor
Connection lost

Rejoining the realm…

Still unreachable

The connection could not be restored.

Session expired

The server has moved on; the page needs a fresh start.